AoeStats
← kolemy

Arabia

503207428Analyzed
2v2 RM · 1mo ago on Aug 30, 2026· 72m 42s· 4 players
Game mode
Random Map
Map size
Medium (4 player)
Population
200
Speed
Normal
Resources
Standard
Victory
Conquest
Starting age
Dark Age
Ending age
Imperial Age
RankedLock teamsTeams togetherTeam positionsShared explorationLock speedFull tech treeHidden civsTurbo modeCheats
Victory
Defeat
🇦🇷 Franks · Argentina
671
+12
🇦🇷 Japanese · Argentina
671
+12
🇬🇹 Vietnamese · Guatemala
601
-13
🇮🇳 Burgundians · India
583
-12
kolemy
0:44 Loom
13:47 Feudal Age
14:33 Horse Collar
14:41 Double-Bit Axe
Incognito3597
7:09 Wheelbarrow
11:13 Feudal Age
9:53 Double-Bit Axe
10:21 Gold Mining
12:04 Bow Saw
12:48 Hand Cart
18:06 Man-at-Arms
20:53 Stone Mining
21:41 Gold Shaft Mining
22:26 Stone Shaft Mining
26:14 Castle Age
30:02 Two-Man Saw
28:46 Horse Collar
29:29 Heavy Plow
30:40 Crop Rotation
30:19 Burgundian Vineyards
31:37 Caravan
32:48 Fletching
32:38 Elite Skirmisher
33:42 Bodkin Arrow
33:58 Forging
33:48 Scale Mail Armor
33:54 Scale Barding Armor
33:50 Padded Archer Armor
33:17 Long Swordsman
33:59 Squires
34:49 Murder Holes
35:15 Ballistics
37:07 Iron Casting
40:03 Imperial Age
38:07 Fervor
37:53 Treadmill Crane
38:25 Masonry
38:17 Pikeman
40:28 Imperial Skirmisher
42:23 Chemistry
41:55 Architecture
41:56 Two-Handed Swordsman
47:09 Conscription
46:10 Elite Coustillier
47:27 Hoardings
49:53 Block Printing
50:07 Illumination
49:40 Herbal Medicine
50:07 Sanctity
52:45 Chain Barding Armor
52:26 Bracer
52:02 Halberdier
52:02 Champion
57:06 Capped Ram
ignguille
10:52 Feudal Age
16:38 Scale Barding Armor
16:44 Forging
23:59 Wheelbarrow
24:35 Double-Bit Axe
24:42 Gold Mining
24:43 Stone Mining
29:03 Castle Age
30:34 Hand Cart
31:40 Gold Shaft Mining
30:58 Light Cavalry
32:16 Bow Saw
33:13 Husbandry
35:19 Chain Barding Armor
35:35 Iron Casting
38:05 Imperial Age
39:24 Heavy Scorpion
41:15 Cavalier
44:07 Paladin
45:46 Ballistics
47:26 Elite Throwing Axeman
49:07 Siphons
55:58 Chemistry
60:40 Chivalry
ELCIRUHAHA
11:32 Feudal Age
10:01 Loom
14:56 Man-at-Arms
20:45 Scale Mail Armor
25:16 Loom
25:59 Forging
32:44 Castle Age
33:38 Pikeman
33:39 Long Swordsman
34:04 Gambesons
34:36 Padded Archer Armor
34:52 Chain Mail Armor
35:33 Thumb Ring
37:51 Gold Mining
37:52 Stone Mining
68:26 Imperial Age
Connection lost

Rejoining the realm…

Still unreachable

The connection could not be restored.

Session expired

The server has moved on; the page needs a fresh start.